 Dungeon Crawl Stone Soup version 0.29-a0-384-g6960b1960d (webtiles) character file.

Game seed: 6256989149307548866

119 jlumianski the Skirmisher (level 4, 0/35 HPs)
             Began as a Demonspawn Fighter on May 6, 2022.
             Killed by nerve-wracking pain
             ... invoked by Grinder
              (2 damage)
             ... on level 3 of the Dungeon.
             The game lasted 00:13:23 (2980 turns).

jlumianski the Skirmisher (Demonspawn Fighter)      Turns: 2980, Time: 00:13:24

Health: 0/35       AC: 13    Str: 17    XL:     4   Next: 74%
Magic:  6/6        EV:  6    Int:  9    God:
Gold:   164        SH:  5    Dex: 14    Spells: 4/6 levels left

rFire   . . .      SeeInvis .   o - +0 hand crossbow
rCold   . . .      Faith    .   c - +0 buckler
rNeg    . . .      Spirit   .   e - +0 chain mail
rPois   .          Reflect  .   (helmet restricted)
rElec   .          Harm     .   m - +0 cloak
rCorr   .          Rampage  .   n - +2 pair of gloves
Will    .....                   (no boots)
Stlth   ..........              (no amulet)
HPRegen 0.11/turn               (no ring)
MPRegen 0.20/turn               (no ring)

@: no status effects
A: antennae 1, magic regeneration
a: no special abilities


You were on level 3 of the Dungeon.
You visited 1 branch of the dungeon, and saw 3 of its levels.

You collected 164 gold pieces.

Inventory:

Hand Weapons
 a - a +0 war axe
 f - a +3 hunting sling
 g - a +0 dagger of venom
 k - a +0 club
 o - a +0 hand crossbow (weapon)
Missiles
 l - 99 stones
 r - a throwing net
Armour
 b - a +0 scale mail
 c - a +0 buckler (worn)
 e - a +0 chain mail (worn)
 m - a +0 cloak (worn)
 n - a +2 pair of gloves (worn)
 v - a +0 helmet
Wands
 j - a wand of polymorph (15)
 w - a wand of iceblast (10)
Scrolls
 h - a scroll of amnesia {unknown}
 i - 2 scrolls of silence {unknown}
 t - a scroll of identify
Potions
 d - a potion of might
 p - 3 potions of curing
 q - a potion of lignification
 s - a potion of berserk rage
 x - a potion of heal wounds {unknown}


   Skills:
 + Level 3.3 Fighting
 + Level 0.1 Short Blades
 + Level 2.0 Axes
 + Level 1.9 Crossbows
 + Level 2.9 Armour
 + Level 0.3 Dodging
 + Level 3.1 Shields
 * Level 1.6 Spellcasting
 * Level 0.7 Translocations


You had 4 spell levels left.
You knew the following spells:

 Your Spells              Type           Power      Damage    Failure   Level
a - Blink                 Tloc           4%         N/A       100%        2

Your spell library contained the following spells:

 Spells                   Type           Power      Damage    Failure   Level
 Static Discharge         Conj/Air       0%         N/A       100%        2
 Sublimation of Blood     Necr           0%         N/A       100%        2
 Wereblood                Tmut           0%         N/A       100%        2
 Lesser Beckoning         Tloc           2%         N/A       100%        3
 Dispel Undead            Necr           0%         3d6       100%        4
 Sticky Flame             Conj/Fire      0%         2d3       100%        4
 Manifold Assault         Tloc           2%         N/A       100%        5
 Summon Hydra             Summ           0%         N/A       100%        7


Dungeon Overview and Level Annotations

Branches:
Dungeon (3/15)

Altars:

Annotations:
D:3 Grinder


Innate Abilities, Weirdness & Mutations

You have a pair of small antennae on your head.
You regenerate magic rapidly.


Message History

Grinder gestures at you. You resist with significant effort.
Shoot: o) +0 hand crossbow
Press: ? - help, Q - select action, (/) - cycle Shift-Dir - straight line, f/p - Grinder
Aim: Grinder, carrying a wand of flame (19) (lightly wounded, 57% to hit)
You shoot a bolt. The bolt hits Grinder.
Grinder is moderately wounded.
Grinder hits you but does no damage. Grinder hits you.
Shoot: o) +0 hand crossbow
Press: ? - help, Q - select action, (/) - cycle Shift-Dir - straight line, f/p - Grinder
Aim: Grinder, carrying a wand of flame (19) (moderately wounded, 57% to hit)
You shoot a bolt. The bolt barely misses Grinder.
Grinder hits you but does no damage. Grinder gestures at you.
Pain shoots through your body!
* * * LOW HITPOINT WARNING * * *
Unknown command.
Shoot: o) +0 hand crossbow
Press: ? - help, Q - select action, (/) - cycle Shift-Dir - straight line, f/p - Grinder
Aim: Grinder, carrying a wand of flame (19) (moderately wounded, 57% to hit)
You shoot a bolt. The bolt hits Grinder.
Grinder is moderately wounded.
Grinder completely misses you. Grinder gestures at you.
You resist with significant effort.
Shoot: o) +0 hand crossbow
Press: ? - help, Q - select action, (/) - cycle Shift-Dir - straight line, f/p - Grinder
Aim: Grinder, carrying a wand of flame (19) (moderately wounded, 57% to hit)
You shoot a bolt. The bolt barely misses Grinder.
Grinder hits you but does no damage.
Unknown command.
Shoot: o) +0 hand crossbow
Press: ? - help, Q - select action, (/) - cycle Shift-Dir - straight line, f/p - Grinder
Aim: Grinder, carrying a wand of flame (19) (moderately wounded, 57% to hit)
You shoot a bolt. The bolt closely misses Grinder.
Grinder zaps a wand.
The puff of flame hits you!
* * * LOW HITPOINT WARNING * * *
Grinder gestures at you. Pain shoots through your body!
You die...

.........................)......
#......###.#.##.####.####..##.#
...#.##....##.# #.####..##.# #
#..#.#.###.##.# #...........
##.#..#..## #.#.# #.####..##.#
...#..#..# #...# #.# #..#.#.
#.....#.## #...####.####...###
#.#...##.###.#.......[.....## #
#.#.........##@#####.#####..###
#.....#######..5.....#####.#.#.
#.......................>#.##.#
#.###.###.##.....###.###.#.##.#
#>###.##.#.#.#..#.##.###.#.##..
#.##....###....###.............
#....#...#.###..#.#############
#.##...##.## #.#.## #
#.....##### #.#.# #


You could see Grinder.

Vanquished Creatures
  Ijyb (D:3)
  4 adders
  2 worms (D:3)
  A dart slug (D:3)
  An orc (D:3)
  2 endoplasms
  4 giant cockroaches
  3 goblins
  4 hobgoblins
  3 jackals (D:2)
  4 kobolds
  3 quokkas
  4 ball pythons
  2 bats
  2 frilled lizards
  10 rats
50 creatures vanquished.

Vanquished Creatures (others)
  A plant (D:1)
1 creature vanquished.

Grand Total: 51 creatures vanquished

Notes
Turn   | Place    | Note
-------+----------+-------------------------------------------
     0 | D:1      | jlumianski the Demonspawn Fighter began the quest for the
                  | Orb.
     0 | D:1      | Reached XP level 1. HP: 18/18 MP: 1/1
   492 | D:1      | Gained mutation: You regenerate magic rapidly. [demonic
                  | ancestry]
   492 | D:1      | Reached XP level 2. HP: 24/24 MP: 2/2
   815 | D:1      | Found a faded altar of an unknown god.
  1163 | D:2      | Reached skill level 1 in Spellcasting
  1163 | D:2      | Reached XP level 3. HP: 22/29 MP: 2/4
  1541 | D:2      | Learned a level 2 spell: Blink
  1833 | D:3      | Reached skill level 1 in Crossbows
  2060 | D:3      | Gained mutation: You have a pair of small antennae on your
                  | head. [demonic ancestry]
  2060 | D:3      | Reached XP level 4. HP: 29/35 MP: 6/6
  2416 | D:3      | Noticed Ijyb
  2431 | D:3      | Killed Ijyb
  2631 | D:3      | Noticed Grinder
  2638 | D:3      | Paralysed by Grinder for 2 turns
  2654 | D:3      | Paralysed by Grinder for 5 turns
  2968 | D:3      | Paralysed by Grinder for 5 turns
  2980 | D:3      | Killed from afar by Grinder

Illustrated notes

Levels and vault maps discovered:
D:1:      dpeg_arrival_refuge, layout_rooms,
          shapermc_ecumenical_altar_hornbeckon, kennysheep_doodads,
          minmay_misc_feat_pillars, interstate_on_off, serial_bayou_ford_a,
          chequers_hall_statues_y, minmay_tall_x
D:2:      layout_loops_cross, minivault_23
D:3:      layout_loops_ring, mainiacjoe_overflow_surrounded_room, uniq_ijyb,
          uniq_grinder

Skill      XL: |  1  2  3 |
---------------+----------+-----
Shields        | 3 |  3.1
Axes           | 2 |  2.0
Spellcasting   | 1 |  1.6
Crossbows      | 1 |  1.9
Fighting       | |  3.3
Short Blades   | |  0.1
Armour         | |  2.9
Dodging        | |  0.3
Translocations | |  0.7

Action                   |  1- 3 |  4- 6 || total
-------------------------+-------+-------++-------
Melee: War axe           |    29 |       ||    29
       Dagger            |     4 |    43 ||    47
       Unarmed           |       |    12 ||    12
 Fire: Hand crossbow     |   103 |    24 ||   127
  Use: Scroll            |     8 |       ||     8
       Potion            |     1 |       ||     1
Armor: Scale mail        |    19 |       ||    19
       Chain mail        |    63 |    29 ||    92
Dodge: Dodged            |    47 |    11 ||    58
Block: Buckler           |    35 |     5 ||    40

Table legend: (Time is in decaauts)
 A = Elapsed time spent in this place.
 B = Non-inter-level travel time spent in this place.
 C = Inter-level travel time spent in this place.
 D = Time resting spent in this place.
 E = Time spent auto-exploring this place.
 F = Levels seen in this place.
 G = Mean time per level.
                   A        B        C        D        E       F      G
               +--------+--------+--------+--------+--------+-----+--------+
         Total |   3106 |   3061 |     45 |    583 |   1746 |   3 | 1035.3 |
       Dungeon |   3106 |   3061 |     45 |    583 |   1746 |   3 | 1035.3 |
               +--------+--------+--------+--------+--------+-----+--------+

Top non-repeatable levels by time:
     D:2: 1074 daAuts
     D:3: 1016 daAuts
     D:1: 1015 daAuts
